[Event "Djerba Festival Masters 2024"]
[Site "Djerba"]
[Date "2024.02.18"]
[Round "1.1"]
[White "Moussard, Jules"]
[Black "Dardha, Daniel"]
[Result "1/2-1/2"]
[ECO "D02"]
[WhiteElo "2630"]
[BlackElo "2602"]
[Annotator "TA"]
[PlyCount "55"]
[EventDate "2024.02.18"]
[EventType "tourn"]
[EventCountry "TUN"]
[SourceTitle "playchess.com"]
[Source "ChessBase"]
[SourceQuality "1"]
[TimeControl "5400+30"]

1. Nf3 d5 2. g3 Nc6 3. d4 Bf5 4. Bg2 Nb4 5. Na3 e6 6. O-O Nc6 7. Nb1 Nb4 8. Ne1 Nf6 9. c3 {[%emt 0:06:37] Against c5} Nc6 {[%emt 0:00:16] White is slightly better.} 10. Bg5 Be7 11. Nd2 Ne4 12. Bxe7 Qxe7 13. Nxe4 Bxe4 14. f3 Bg6 15. e4 O-O 16. Nd3 Rad8 17. e5 Na5 {[%emt 0:02:59] The position is equal.} 18. Qe2 Bxd3 19. Qxd3 c5 20. f4 g6 21. Rad1 cxd4 22. Qxd4 b5 23. g4 $1 Rc8 24. Rf2 Qh4 25. h3 Nc6 26. Qe3 Kh8 27. a3 a6 28. Bf1 {[%emt 0:02:05] Weighted Error Value: White=0.05 (flawless) /Black=0.03 (flawless) .  Inaccurate:     	White=1     	---        OK:         	White=10    	Black=10     Strong:       	White=1     	---} 1/2-1/2

[Event "Djerba Festival Masters 2024"]
[Site "Djerba"]
[Date "2024.02.18"]
[Round "1.2"]
[White "Niemann, Hans Moke"]
[Black "Tari, Aryan"]
[Result "1-0"]
[ECO "D02"]
[WhiteElo "2692"]
[BlackElo "2623"]
[Annotator "TA"]
[PlyCount "69"]
[EventDate "2024.02.18"]
[EventType "tourn"]
[EventCountry "TUN"]
[SourceTitle "playchess.com"]
[Source "ChessBase"]
[SourceQuality "1"]
[TimeControl "5400+30"]

1. d4 d5 2. Nf3 Nf6 3. g3 Bf5 4. Nh4 Be4 5. f3 Bg6 {[%emt 0:00:05] [#]} 6. c4 $1 c5 (6... e6 7. Qa4+) 7. Nxg6 hxg6 8. cxd5 {[%emt 0:00:00] The position is equal.} cxd4 (8... Qxd5 {simplifies} 9. Nc3 Qxd4 10. Qxd4 cxd4 11. Nb5 Na6) 9. e4 $1 dxe3 10. Nc3 Rh5 (10... e5 $14) 11. Bb5+ $16 ({Of course not} 11. Bxe3 $6 Nxd5 12. Bc4 e6 13. Bxd5 exd5 $11) 11... Nbd7 12. g4 Rh3 {[%emt 0:04:17] [#]} (12... Rh4 $142) 13. Bf1 $1 (13. Bxe3 Nxg4 14. fxg4 Rxe3+ 15. Kf2 Re5 $16) 13... Rh8 14. Bxe3 g5 15. Bxg5 {[%emt 0:00:00] White is more active.} g6 (15... Qb6 $16 16. Qb3 Qxb3 17. axb3 g6) 16. d6 {[%emt 0:00:00] Bxf6 would now be deadly.} Qb6 17. Rc1 (17. Qe2 $142) 17... a6 18. Qd2 e6 (18... Rd8 $16 {was worth a try.}) 19. Rd1 $18 Bg7 20. Be3 {[%emt 0:00:00] A strong pair of Bishops.} Qa5 21. Be2 Ne5 (21... Rc8 $16 22. O-O Rh4) 22. Kf1 Nfd7 23. Kg2 Rc8 24. Rc1 {[%emt 0:00:40][%cal Oc3d5] Nd5! is the strong threat.} Qd8 $2 {[%emt 0:01:12] Black cannot hold the game after this.} (24... Rc6 $16 {was necessary.} 25. Ne4 Qxd2 26. Bxd2 f5) 25. Ne4 Nc6 {[%emt 0:01:24] [#]} 26. h4 $1 Kf8 (26... Nce5 27. Rxc8) 27. b4 Nf6 28. Nc5 Nd5 29. Nxb7 Qd7 30. Bxa6 Ncxb4 $2 (30... Ra8) 31. Rxc8+ {[%emt 0:01:34] White is clearly winning.} Qxc8 32. Rc1 Qd7 {[%emt 0:01:08] [#]} 33. Rc7 $1 Nxc7 34. Nc5 (34. Qxb4 $2 {is the wrong capture.} Nxa6 35. Qa3 Nb8 $19 (35... Qxb7 $2 36. d7+ Kg8 37. d8=Q+ Kh7 38. Qde7 $18)) 34... Qd8 35. Bg5 {[%emt 0:00:21] Weighted Error Value: White=0.14 (very precise) /Black=0.34.  Loses game:     	---       	Black=1      Mistake:       	White=1     	Black=6      Inaccurate:     	---       	Black=1      OK:         	White=10    	Black=7      Best:        	White=3     	Black=2      Strong:       	White=1     	---} ({Inferior is} 35. Qxb4 Nd5 36. Bg5 Nxb4 $15) 1-0

[Event "Djerba Festival Masters 2024"]
[Site "Djerba"]
[Date "2024.02.18"]
[Round "1.3"]
[White "Divya Deshmukh"]
[Black "Bellahcene, Bilel"]
[Result "0-1"]
[ECO "C06"]
[WhiteElo "2420"]
[BlackElo "2516"]
[Annotator "RC"]
[PlyCount "86"]
[EventDate "2024.02.18"]
[EventType "tourn"]
[EventCountry "TUN"]
[SourceTitle "playchess.com"]
[Source "ChessBase"]
[SourceQuality "1"]
[TimeControl "5400+30"]

1. e4 e6 2. d4 d5 3. Nd2 Be7 4. Ngf3 Nf6 5. e5 Nfd7 6. Bd3 c5 7. c3 Nc6 8. O-O a5 9. Re1 cxd4 10. cxd4 Qb6 11. Qa4 g5 12. h3 h5 13. g4 hxg4 14. hxg4 Nf8 15. Qd1 Bd7 16. Nf1 Nxd4 17. Nxg5 Qd8 18. Nf3 Nxf3+ 19. Qxf3 Bb4 20. Rd1 Qh4 21. Bf4 Ng6 22. Bxg6 fxg6 23. Bg3 Qh7 24. Rac1 Bc6 25. Rd4 Be7 26. Ne3 Bd8 27. Qg2 g5 28. Nf1 Bb6 29. Rd2 O-O-O 30. Rdc2 Qd7 31. Nh2 Kb8 32. Qf3 Rc8 33. Qa3 Rh3 34. Kg2 Qh7 35. Nf3 Rh8 36. Qd6+ Bc7 37. Qc5 d4 38. Qxd4 Rxg3+ 39. fxg3 Qh2+ 40. Kf1 Qxg3 41. Qf2 Bb5+ 42. Rc4 Qf4 43. Nd2 Rh1+ 0-1

[Event "Djerba Festival Masters 2024"]
[Site "Djerba"]
[Date "2024.02.18"]
[Round "1.4"]
[White "Ivanchuk, Vasyl"]
[Black "Maurizzi, Marc`Andria"]
[Result "1/2-1/2"]
[ECO "C67"]
[WhiteElo "2623"]
[BlackElo "2572"]
[Annotator "TA"]
[PlyCount "60"]
[EventDate "2024.02.18"]
[EventType "tourn"]
[EventCountry "TUN"]
[SourceTitle "playchess.com"]
[Source "ChessBase"]
[SourceQuality "1"]
[TimeControl "5400+30"]

1. e4 e5 2. Nf3 Nc6 3. Bb5 Nf6 4. O-O Nxe4 5. d4 Nd6 6. Bxc6 dxc6 7. dxe5 Nf5 8. Qxd8+ Kxd8 9. h3 Ke8 10. Nc3 a5 11. Rd1 a4 12. Bd2 Be6 13. b3 a3 14. Rac1 {[%emt 0:00:00] White is slightly better.} Be7 15. g4 Nh4 16. Nxh4 Bxh4 17. Ne2 Rd8 18. Nf4 Bd5 19. Nxd5 cxd5 20. Be3 Be7 21. c4 dxc4 22. Rxd8+ Kxd8 23. Rxc4 $11 {[%emt 0:00:30][%mdl 4096] Endgame. KRB-KRB} Kd7 {[%emt 0:00:30] The position is equal.} 24. Kg2 b5 25. Rc2 h5 26. Kf3 hxg4+ 27. hxg4 Rh3+ 28. Ke4 Rh4 29. Kf3 Rh3+ 30. Ke4 Rh4 {[%emt 0:00:00] Weighted Error Value: White=0.07 (flawless) /Black=0.06 (flawless) .  Inaccurate:     	White=1     	Black=1      OK:         	White=5     	Black=11} 1/2-1/2

[Event "Djerba Festival Masters 2024"]
[Site "Djerba"]
[Date "2024.02.19"]
[Round "2.1"]
[White "Dardha, Daniel"]
[Black "Maurizzi, Marc`Andria"]
[Result "1/2-1/2"]
[ECO "D04"]
[WhiteElo "2602"]
[BlackElo "2572"]
[Annotator "ChessBase"]
[PlyCount "134"]
[EventDate "2024.02.18"]
[EventType "tourn"]
[EventCountry "TUN"]
[SourceTitle "playchess.com"]
[Source "ChessBase"]
[SourceQuality "1"]
[TimeControl "5400+30"]

1. d4 d5 2. e3 Nf6 {65} 3. Nf3 Nbd7 {140} 4. Bd3 {272} c5 {119} 5. b3 g6 {79} 6. Bb2 {66} Bg7 7. O-O {96} O-O 8. Nbd2 {403} e5 {407} 9. Nxe5 {216} Nxe5 10. dxe5 Ng4 11. Nf3 Qe7 {545} 12. b4 {577} cxb4 {550} 13. a3 {126} Nxe5 {168} 14. Bxe5 Bxe5 15. Nxe5 Qxe5 16. axb4 Bf5 17. Bxf5 {239} Qxf5 18. Ra5 Rfd8 {207} 19. c3 {853} b6 {1106} 20. Ra3 {85} a5 {485} 21. Qd4 {374} axb4 {276} 22. Rxa8 Rxa8 23. cxb4 {72} b5 {116} 24. h3 {259} Qe4 {193} 25. Qxe4 {361} dxe4 26. Rd1 Ra4 {104} 27. Rd4 f5 28. g4 Kf7 {61} 29. gxf5 {343} gxf5 30. Rd5 Rxb4 31. Rxf5+ Kg6 {383} 32. Rd5 Kf6 {260} 33. Kg2 {1821} Rb1 {140} 34. Rh5 Kg6 35. Re5 Rb4 36. Kg3 Kf6 37. Rh5 Kg6 38. Rd5 Kf6 {71} 39. Rd6+ Kf7 {209} 40. Rh6 Kg7 41. Rb6 Kf7 42. h4 Rb1 {77} 43. Rh6 Kg7 {155} 44. Re6 Rb4 45. Re5 Kf6 {67} 46. Rd5 Rb1 {101} 47. Rh5 Kg6 48. Re5 Rb4 49. h5+ Kf6 50. Kf4 Rb2 51. Kxe4 {73} Rxf2 52. Rxb5 Rh2 53. Rf5+ {98} Ke6 54. Ra5 Kf6 {79} 55. Kf4 Rh4+ 56. Kg3 Rb4 57. Kf3 {83} Rb1 58. Ra7 {69} h6 59. Ra6+ Kg5 60. Ra5+ Kf6 61. Kf4 {97} Rf1+ 62. Ke4 Rh1 63. Rb5 Rh4+ 64. Kd3 Rh1 65. Rd5 Ke6 66. e4 Rd1+ 67. Kc4 Rc1+ 1/2-1/2

[Event "Djerba Festival Masters 2024"]
[Site "Djerba"]
[Date "2024.02.19"]
[Round "2.2"]
[White "Bellahcene, Bilel"]
[Black "Ivanchuk, Vasyl"]
[Result "1/2-1/2"]
[ECO "B07"]
[WhiteElo "2516"]
[BlackElo "2623"]
[Annotator "TA"]
[PlyCount "59"]
[EventDate "2024.02.18"]
[EventType "tourn"]
[EventCountry "TUN"]
[SourceTitle "playchess.com"]
[Source "ChessBase"]
[SourceQuality "1"]
[TimeControl "5400+30"]

1. e4 d6 2. d4 Nf6 3. Nc3 g6 4. Be3 c6 5. Qd2 b5 6. f3 Nbd7 7. g4 Nb6 8. h4 h6 9. Bd3 Qc7 10. Nce2 {[%emt 0:06:59] White is slightly better.} a6 11. Ng3 c5 12. c3 e5 13. d5 (13. h5 $14) 13... h5 $1 $11 14. g5 Nfd7 15. N1e2 Bg7 16. Kf2 c4 17. Bc2 Nc5 18. Kg2 a5 19. f4 (19. Rab1 $11) 19... exf4 $15 20. Bxf4 Bg4 21. Nd4 Qd7 22. Kh2 (22. Nc6 $11 {keeps the balance.}) 22... O-O $17 23. Rhf1 {[%emt 0:00:32] [#]} b4 $1 24. Nc6 $15 b3 $1 25. axb3 cxb3 26. Bd3 {[%emt 0:00:17] Dodges Nc4} a4 27. Bb5 {[%emt 0:03:10] [#]} Ra5 28. Be2 $2 {[%emt 0:04:28] [#]} (28. Nxa5 $11 {and White has nothing to worry.} Qxb5 29. c4) 28... Raa8 (28... Bxe2 $1 $19 29. Qxe2 Raa8) 29. Bb5 {[%emt 0:00:32] [#]} Ra5 30. Be2 {[%emt 0:00:08] Weighted Error Value: White=0.30/Black=0.28 (precise) .  Loses game:     	White=1     	---        Mistake:       	White=4     	Black=4      Inaccurate:     	White=2     	Black=2      OK:         	White=7     	Black=6      Best:        	White=1     	Black=3      Strong:       	---       	Black=2} (30. Nxa5 $11 Qxb5 31. c4) 1/2-1/2

[Event "Djerba Festival Masters 2024"]
[Site "Djerba"]
[Date "2024.02.19"]
[Round "2.3"]
[White "Tari, Aryan"]
[Black "Divya Deshmukh"]
[Result "1-0"]
[ECO "A36"]
[WhiteElo "2623"]
[BlackElo "2420"]
[Annotator "TA"]
[PlyCount "73"]
[EventDate "2024.02.18"]
[EventType "tourn"]
[EventCountry "TUN"]
[SourceTitle "playchess.com"]
[Source "ChessBase"]
[SourceQuality "1"]
[TimeControl "5400+30"]

1. c4 c5 2. g3 g6 3. Bg2 Bg7 4. Nc3 Nf6 5. a3 Nc6 6. Rb1 O-O 7. b4 d6 8. d3 a6 9. bxc5 dxc5 10. Bd2 Qc7 {[%emt 0:03:45] White is slightly better.} 11. Nh3 h6 12. Nf4 (12. O-O $14) 12... e6 $11 13. h4 Rb8 14. e3 (14. Qc1 $11) 14... Ne7 (14... b6 $17) 15. a4 Bd7 16. e4 e5 (16... Nc6 $15) 17. Nfe2 Qd6 18. Qb3 Nc6 19. Nd5 Nxd5 (19... b5 $1 $15 20. axb5 (20. cxb5 axb5 21. axb5 Nxd5 $11) 20... axb5 21. cxb5 Nxd5 22. Qxd5 Qe7) 20. cxd5 Ne7 ({Black should play} 20... Nb4 $14) 21. a5 $16 f5 (21... Nc8 $16 {might work better.}) 22. Be3 $2 (22. Qa3 $18 {aiming for Rb6.} b5 23. axb6 Rxb6 24. Rxb6 Qxb6 25. O-O) 22... Bb5 $2 {[%emt 0:23:47] [#] Black cannot hold the game after this.} (22... f4 $11 23. gxf4 exf4 24. Nxf4 Rxf4) 23. Qa3 $1 $18 Rbc8 24. Rc1 f4 25. Bxc5 Rxc5 26. Qxc5 Qxc5 27. Rxc5 f3 28. Bh3 fxe2 29. Kxe2 {[%emt 0:00:05] White is clearly winning.} Rb8 30. Be6+ Kh8 31. Rc7 Bf8 32. Bd7 Nxd5 33. exd5 Bd6 {[%emt 0:00:01] [#]} 34. Rhc1 {[%emt 0:02:20][%cal Od7b5] Bxb5! is the strong threat.} Bc6 35. Rc8+ Rxc8 36. Bxc8 Bxd5 37. Rb1 {[%emt 0:00:13] Weighted Error Value: White=0.28 (precise) /Black=0.46.  Loses game:     	---       	Black=1      Mistake:       	White=3     	Black=5      Inaccurate:     	White=2     	Black=1      OK:         	White=11    	Black=7      Best:        	White=1     	Black=2} 1-0

[Event "Djerba Festival Masters 2024"]
[Site "Djerba"]
[Date "2024.02.19"]
[Round "2.4"]
[White "Moussard, Jules"]
[Black "Niemann, Hans Moke"]
[Result "1/2-1/2"]
[ECO "C67"]
[WhiteElo "2630"]
[BlackElo "2692"]
[Annotator "TA"]
[PlyCount "101"]
[EventDate "2024.02.18"]
[EventType "tourn"]
[EventCountry "TUN"]
[SourceTitle "playchess.com"]
[Source "ChessBase"]
[SourceQuality "1"]
[TimeControl "5400+30"]

1. e4 c5 2. Nf3 d6 3. Bb5+ Nd7 4. O-O a6 5. Be2 Ngf6 6. d3 b6 7. c4 Bb7 8. Nc3 g6 9. Rb1 Bg7 10. b4 Bc6 11. h3 O-O 12. Be3 e6 13. Qb3 Qe7 14. a4 Rfb8 15. Rfd1 h6 16. Ne1 g5 17. Nc2 a5 18. bxc5 bxc5 19. Nb5 Ne5 20. Qa3 Bb7 21. f4 gxf4 22. Bxf4 Ne8 23. Qc1 Kh7 24. Rf1 Nc7 25. Ne3 Nxb5 26. cxb5 Rg8 27. Ng4 f5 28. Nxe5 Bxe5 29. Bxe5 dxe5 30. Bf3 Rg3 31. Qc3 Rag8 32. Qxe5 Qg5 33. Bg4 Qe3+ 34. Kh2 R3xg4 35. hxg4 Rxg4 36. Rf3 Rh4+ 37. Kg3 Rg4+ 38. Kh2 Rh4+ 39. Kg3 Rg4+ 40. Kh3 Qd2 41. Rg3 Qg5 42. Kh2 Qh4+ 43. Rh3 Qf2 44. Rg1 fxe4 45. Qxe6 Rg6 46. Qd7+ Rg7 47. Qd6 Rg6 48. Qd7+ Rg7 49. Qd6 Rg6 50. Qc7+ Rg7 51. Qd6 1/2-1/2

[Event "Djerba Festival Masters 2024"]
[Site "Djerba"]
[Date "2024.02.20"]
[Round "3.1"]
[White "Niemann, Hans Moke"]
[Black "Dardha, Daniel"]
[Result "1/2-1/2"]
[ECO "D35"]
[WhiteElo "2692"]
[BlackElo "2602"]
[Annotator "TA"]
[PlyCount "55"]
[EventDate "2024.02.18"]
[EventType "tourn"]
[EventCountry "TUN"]
[SourceTitle "playchess.com"]
[Source "ChessBase"]
[SourceQuality "1"]
[TimeControl "5400+30"]

1. c4 e6 2. Nc3 d5 3. d4 Nf6 4. cxd5 Nxd5 5. e4 Nxc3 6. bxc3 c5 7. a3 cxd4 8. cxd4 e5 9. dxe5 Qxd1+ 10. Kxd1 Nc6 11. f4 Bg4+ 12. Nf3 Nd4 {[%emt 0:11:29][%cal Oe8c8] [#] Threatens to win with ...0-0-0!} 13. Be2 Bxf3 {[%emt 0:10:08] The position is equal.} 14. Bxf3 Rd8 15. Bd2 Nb3 16. Ra2 Nxd2 17. Rxd2 Rxd2+ 18. Kxd2 Bxa3 $11 {[%emt 0:00:05][%mdl 4096] Endgame. KRB-KRB} 19. Rb1 b6 20. Be2 Ke7 21. Bc4 Rc8 22. Bd5 Rc5 23. g4 a5 24. Rxb6 {[%emt 0:03:22] [#] Kd3 would now be deadly.} Bc1+ 25. Kd3 Bxf4 26. Rb7+ Kd8 27. Rb8+ Rc8 28. Rxc8+ {[%emt 0:00:04] An uneventful encounter.   Weighted Error Value: White=0.04 (flawless) /Black=0.02 (flawless) .  Inaccurate:     	White=1     	---        OK:         	White=9     	Black=10     Best:        	White=1     	Black=3} 1/2-1/2

[Event "Djerba Festival Masters 2024"]
[Site "Djerba"]
[Date "2024.02.20"]
[Round "3.2"]
[White "Divya Deshmukh"]
[Black "Moussard, Jules"]
[Result "1/2-1/2"]
[ECO "B10"]
[WhiteElo "2420"]
[BlackElo "2630"]
[Annotator "TA"]
[PlyCount "71"]
[EventDate "2024.02.18"]
[EventType "tourn"]
[EventCountry "TUN"]
[SourceTitle "playchess.com"]
[Source "ChessBase"]
[SourceQuality "1"]
[TimeControl "5400+30"]

1. e4 c6 2. Nf3 d5 3. d3 dxe4 4. dxe4 Qxd1+ 5. Kxd1 Nf6 6. Nbd2 Nbd7 7. Ne1 h5 8. Nd3 g5 9. b3 Bg7 {[%emt 0:10:37][%cal Of6e4] [#] And now ...Nxe4! would win.} 10. Bb2 Nf8 11. h4 g4 12. f4 gxf3 13. gxf3 Bh6 14. Nc4 Rg8 15. Ke2 Be6 16. Kf2 Bxc4 17. bxc4 Ne6 18. Bh3 Nf4 19. Nxf4 Bxf4 20. Rad1 {[%emt 0:00:00] Dodges Nd7. Hoping for e5.} Bc7 ({Better is} 20... Kf8 $14) 21. e5 $16 Nh7 (21... Bb6+ $142 22. Bd4 Nh7 (22... Bxd4+ $2 23. Rxd4 c5 24. Rd2 $18)) 22. Bd7+ {[%emt 0:00:00] A strong pair of Bishops.} Kf8 23. Bf5 Rg7 {[%emt 0:00:33] [#]} 24. c5 {[%emt 0:00:00] White has more active pieces.} (24. f4 $1 $16) 24... e6 $1 $14 25. Be4 Ke7 26. Rhg1 {[%emt 0:00:00] Wards off f5} Rxg1 27. Rxg1 Nf8 28. Rg5 Nd7 {[%emt 0:01:00] White is slightly better.} 29. Bd4 Rh8 30. f4 Kf8 31. Rg1 Bd8 32. Rb1 Be7 $1 33. Rxb7 Nxc5 34. Bxc5 (34. Rxa7 Nxe4+ 35. Kf3 c5 $19 (35... Nd2+ $2 36. Ke2 $19)) 34... Bxc5+ 35. Kf3 Rg8 36. Rb8+ {[%emt 0:04:08] Weighted Error Value: White=0.07 (flawless) /Black=0.08 (flawless) .  Mistake:       	White=1     	Black=2      Inaccurate:     	White=1     	Black=2      OK:         	White=10    	Black=15     Best:        	White=3     	Black=2      Strong:       	---       	Black=2} 1/2-1/2

[Event "Djerba Festival Masters 2024"]
[Site "Djerba"]
[Date "2024.02.20"]
[Round "3.4"]
[White "Maurizzi, Marc`Andria"]
[Black "Bellahcene, Bilel"]
[Result "1/2-1/2"]
[ECO "C70"]
[WhiteElo "2572"]
[BlackElo "2516"]
[Annotator "TA"]
[PlyCount "67"]
[EventDate "2024.02.18"]
[EventType "tourn"]
[EventCountry "TUN"]
[SourceTitle "playchess.com"]
[Source "ChessBase"]
[SourceQuality "1"]
[TimeControl "5400+30"]

1. e4 e5 2. Nf3 Nc6 3. Bb5 a6 4. Ba4 Nge7 5. Nc3 Ng6 6. h4 h5 7. d4 Bb4 8. dxe5 Ncxe5 9. Nxe5 Nxe5 10. Qd4 Qe7 11. f4 Ng4 12. Bd2 O-O {[%emt 0:07:22] [#] ...c6 would now be deadly.} 13. Nd5 Bxd2+ 14. Kxd2 Qd8 15. Qc5 Nf6 16. Qxc7 (16. Nxc7 $2 {loses.} Nxe4+ 17. Ke3 Nxc5 $19) 16... Nxe4+ 17. Kc1 $1 Qxc7 18. Nxc7 Ra7 {[%emt 0:00:35] [#] Threatens to win with ...b5.} 19. Nd5 b5 20. Bb3 Bb7 21. Re1 Nc5 {[%emt 0:05:18] White must now prevent ...Nxb3+.} 22. Ne7+ Kh7 23. Bd5 Ne6 24. f5 Nd4 25. Bxb7 Rxb7 26. Kd2 b4 27. f6 Rb5 28. fxg7 Kxg7 29. Re3 Nf5 {[%emt 0:00:44] Wards off Rg3+} 30. Nxf5+ Rxf5 31. a3 a5 32. axb4 axb4 33. Ra7 Rc8 34. Rg3+ {[%emt 0:03:20] An interesting draw.   Weighted Error Value: White=0.04 (flawless) /Black=0.02 (flawless) .  Inaccurate:     	White=1     	---        OK:         	White=13    	Black=14     Best:        	White=2     	Black=2      Strong:       	White=1     	---} 1/2-1/2

[Event "Djerba Festival Masters 2024"]
[Site "Djerba"]
[Date "2024.02.22"]
[Round "4.1"]
[White "Dardha, Daniel"]
[Black "Bellahcene, Bilel"]
[Result "1-0"]
[ECO "D30"]
[WhiteElo "2602"]
[BlackElo "2516"]
[Annotator "TA"]
[PlyCount "115"]
[EventDate "2024.02.18"]
[EventType "tourn"]
[EventCountry "TUN"]
[SourceTitle "playchess.com"]
[Source "ChessBase"]
[SourceQuality "1"]
[TimeControl "5400+30"]

1. d4 Nf6 2. c4 e6 3. g3 d5 4. Bg2 dxc4 5. Qa4+ c6 6. Qxc4 b5 7. Qd3 Bb7 8. Nf3 Nbd7 {[%emt 0:01:16] D30: Queen's Gambit Declined: Systems without Nc3.} 9. O-O a6 10. Nfd2 {[%emt 0:00:44] is the legacy move (10.a4).} Rb8 11. Nb3 $146 ({Predecessor:} 11. a4 c5 12. Bxb7 Rxb7 13. axb5 axb5 14. Qf3 Rb8 15. dxc5 Bxc5 16. Nb3 Bb6 17. Rd1 {1-0 Quintiliano Pinto,R (2443)-Santiago,Y (2427) Mercosur Cup 20th 2016 (4)}) 11... c5 12. Bxb7 Rxb7 13. Qf3 Rc7 14. Bf4 Rc8 15. dxc5 Nxc5 16. Nc3 Be7 17. Nxc5 Rxc5 18. Rad1 Qc8 19. Bd6 Bxd6 20. Rxd6 O-O 21. Rfd1 a5 22. Qd3 b4 23. Na4 Rd5 24. Rxd5 exd5 25. Nb6 Qe6 26. Nxd5 Nxd5 27. Qxd5 Qxe2 28. Rd2 Qa6 29. Kg2 h6 30. Rd3 Rb8 31. Rf3 Qa7 32. b3 Rf8 (32... Qc7 $11 {is superior.}) 33. Qc6 (33. Rf5 $14) 33... Qa8 34. Qxa8 Rxa8 35. Rf5 a4 (35... f6 $14) 36. Rb5 $16 axb3 37. axb3 Ra2 38. g4 Rb2 39. Rxb4 Kh7 40. h4 (40. Rb6 $16) 40... h5 $1 $14 41. gxh5 Kh6 42. Rb5 Rd2 $1 43. Kg3 Rd3+ $2 {[%emt 0:00:30][%mdl 8192] [#]} (43... Rd4 $14) 44. Kg4 $1 $18 Rd2 45. Rb8 (45. Rb6+ $142 Kh7 46. f3) 45... f5+ $2 (45... Kh7 46. f4 Rg2+ 47. Kf3 Rg1) 46. Kxf5 $18 Rxf2+ 47. Kg4 (47. Ke6 $142 Kh7 48. b4) 47... Kh7 $18 48. b4 Rg2+ 49. Kf3 Rh2 50. Kg3 Rd2 (50... Rb2 $142 51. b5 Rc2) 51. Rf8 $18 Rb2 {[%emt 0:00:40] [#]} 52. Rf4 $1 Kh6 53. Kg4 Rg2+ 54. Kf5 Kxh5 55. Ke5 Rh2 56. Kd5 Rd2+ 57. Kc5 Rc2+ 58. Rc4 1-0

[Event "Djerba Festival Masters 2024"]
[Site "Djerba"]
[Date "2024.02.22"]
[Round "4.2"]
[White "Tari, Aryan"]
[Black "Maurizzi, Marc`Andria"]
[Result "1-0"]
[ECO "D31"]
[WhiteElo "2623"]
[BlackElo "2572"]
[Annotator "TA"]
[PlyCount "53"]
[EventDate "2024.02.18"]
[EventType "tourn"]
[EventCountry "TUN"]
[SourceTitle "playchess.com"]
[Source "ChessBase"]
[SourceQuality "1"]
[TimeControl "5400+30"]

1. c4 e6 2. Nc3 d5 3. d4 c6 4. e4 dxe4 5. Nxe4 Bb4+ 6. Bd2 Qxd4 7. Bxb4 Qxe4+ 8. Be2 Na6 9. Bd6 Qxg2 10. Bf3 {[%emt 0:00:51] This pair of bishops is nice.} (10. Qd2 $5 Nf6 (10... Qxh1 $2 11. O-O-O $18) 11. Bf3 $11) 10... Qg5 {[%emt 0:00:00] Threatens to win with ...Nh6.} 11. Ne2 $1 Ne7 {[%emt 0:00:00] White should prevent ...Nf5. The position is equal.} 12. Ng3 (12. Nc3 $11) 12... Nf5 (12... Qa5+ $17 13. b4 Nxb4) 13. Nxf5 $40 {[%emt 0:01:32][%mdl 128] White mounts an attack.} exf5 {[%emt 0:00:00] [#]} (13... Qxf5 $11 {remains equal.} 14. Qe2 Bd7) 14. Qb3 $1 $16 {[%emt 0:09:24] White is more active.} Nb8 $2 {[%emt 0:00:00][%mdl 8192] Loses the game.} (14... Qd8 $16 {keeps fighting.} 15. Qe3+ (15. O-O-O Qb6 $14) 15... Be6) 15. Kf1 {[%emt 0:05:46][%cal Be1f1,Bf1e2,Be2d2][%mdl 32] Strongly threatening Re1+.} Qh6 16. c5 {[%emt 0:25:10] aiming for Re1+.} (16. Re1+ Kd8 17. Qd1 (17. c5 Re8 $18) 17... Bd7 $18) 16... b5 {[%emt 0:00:00] [#]} 17. cxb6 $1 axb6 (17... Ba6+ 18. Kg2 Qg5+ (18... Qxd6 $2 19. Rhe1+ Kf8 20. b7 $18) 19. Bg3) 18. Re1+ Be6 19. Qxb6 Qh3+ {[%emt 0:00:00] Black is weak on the dark squares} 20. Ke2 Nd7 (20... Qh4 $142 21. Bxc6+ (21. Bxb8 O-O $11) 21... Nd7) 21. Qxc6 $18 Rb8 22. b4 {[%emt 0:07:19] Black must now prevent Rhg1.} g5 (22... Qh4 $142 23. Rc1 (23. Bxb8 O-O $16) 23... Rb6 24. Qc8+ Qd8) 23. Qc3 (23. Kd2 $142 {[%cal Of3d5] Bd5! is the strong threat.} Qh6 24. Bd5 (24. Bxb8 O-O $18)) 23... f6 (23... Rg8 $142 24. Bxb8 g4) 24. Kd2 Kf7 25. Rxe6 Kxe6 26. Re1+ Kxd6 27. Qc6# {[%emt 0:04:15] Weighted Error Value: White=0.52/Black=0.76.  Loses game:     	---       	Black=1      Mistake:       	White=2     	Black=4      Inaccurate:     	White=1     	---        OK:         	White=4     	Black=1      Best:        	White=3     	Black=2      Strong:       	White=2     	---} 1-0